 Dungeon Crawl Stone Soup version 0.30-a0-586-g23e55c9e0a (webtiles) character file.

Game seed: 18043980381698480691

2561 billz999 the Shooter (level 9, -3/59 HPs)
             Began as a Djinni Ice Elementalist on Jan 4, 2023.
             Shot with an arrow by a centaur (7 damage)
             ... on level 8 of the Dungeon.
             The game lasted 00:18:16 (8873 turns).

billz999 the Shooter (Djinni Ice Elementalist)      Turns: 8873, Time: 00:18:16

Health: -3/59      AC:  4    Str:  7    XL:     9   Next: 87%
Gold:   410        EV: 12    Int: 33    God:
                   SH:  0    Dex: 14

rFire   + + .      SeeInvis .    l - +0 shortbow
rCold   x . .      Faith    .    (shield currently unavailable)
rNeg    . . .      Spirit   .    a - +1 robe
rPois   ∞          Reflect  .    (no helmet)
rElec   .          Harm     .    s - +0 cloak
rCorr   .          Rampage  .    (no gloves)
Will    .....                    (boots unavailable)
Stlth   ++                       (no amulet)
HPRegen 0.29/turn                e - +6 ring of intelligence
MPRegen 0.00/turn                C - +6 ring of intelligence

@: flying
A: sickness immunity, fire resistance 2, cold vulnerability 1, float, innate
caster, HP casting, extra vitality 1, frail 1
a: no special abilities


You were on level 8 of the Dungeon.
You visited 2 branches of the dungeon, and saw 9 of its levels.

You collected 485 gold pieces.
You spent 75 gold pieces at shops.

Inventory:

Hand Weapons
 c - a +0 dagger of holy wrath
 h - a +3 quarterstaff of chaos
 k - a +2 dagger of flaming
 l - a +0 shortbow (weapon)
 m - a +2 mace of protection
Armour
 a - a +1 robe (worn)
 d - a scarf of harm
 n - the +0 kite shield of Somewhere Else {MP+9 Str+5 Dex-5}
   (You took it off a kobold on level 2 of the Dungeon)

   Str:       It affects your strength (+5).
   Dex:       It affects your dexterity (-5).
   MP:        It affects your magic capacity (+9).
 s - a +0 cloak (worn)
Jewellery
 e - a +6 ring of intelligence (left hand)
 q - a ring of see invisible
 u - a ring of protection from fire
 C - a +6 ring of intelligence (right hand)
Wands
 A - a wand of digging (1)
 D - a wand of charming (2)
Scrolls
 g - 2 scrolls of enchant weapon
 i - a scroll of blinking
 j - a scroll of enchant armour
 p - 2 scrolls of amnesia
 r - a scroll of teleportation
 x - a scroll of vulnerability
 z - 2 scrolls of poison
Potions
 b - 2 potions of magic
 f - 3 potions of might
 o - a potion of degeneration {unknown}
 t - 2 potions of attraction {unknown}
 v - 2 potions of ambrosia {unknown}
 w - 2 potions of haste {unknown}
 B - a potion of brilliance {unknown}
 E - 3 potions of heal wounds
 F - 3 potions of lignification {unknown}
 G - 3 potions of curing


   Skills:
 + Level 6.0 Fighting
 * Level 7.2 Ranged Weapons
 - Level 2.1 Dodging
 - Level 1.5 Stealth
 - Level 5.0 Shields
 - Level 4.6 Spellcasting


You couldn't memorise any spells.
You knew the following spells:

 Your Spells              Type           Power      Damage    Failure   Level
a - Freeze                Ice            100%       1d10      1%          1
b - Frozen Ramparts       Ice            76%        1d12      2%          3
c - Ozocubu's Armour      Ice            38%        N/A       2%          3
d - Summon Ice Beast      Ice/Summ       38%        N/A       7%          4
e - Summon Small Mammal   Summ           100%       N/A       1%          1
f - Ensorcelled Hibernat  Hex/Ice        76%        N/A       1%          2
g - Swiftness             Air            38%        N/A       2%          3
h - Ice Form              Ice/Tmut       38%        N/A       7%          4
Your spell library was empty.

Dungeon Overview and Level Annotations

Branches:
Dungeon (8/15)             Temple (1/1) D:4            Lair (0/5) D:8

Altars:
Dithmenos
Elyvilon
Gozag
Nemelex Xobeh
Okawaru
Qazlal
Ru
Trog
Wu Jian
Zin
The Shining One

Shops:
D:5 !   D:6 :


Innate Abilities, Weirdness & Mutations

You are immune to sickness and miasma.
You are immune to poison.
Your flesh is very heat resistant. (rF++)
You are vulnerable to cold. (rC-)
You float through the air rather than walking.
You learn spells naturally, not from books.
Your magical power is your life essence.
You have superior vitality. (+4 MHP)
You are frail. (-10% HP)


Message History

You shoot an arrow. The arrow barely misses the centaur.
The centaur shoots an arrow.
The arrow misses you.
You shoot an arrow. The arrow barely misses the centaur.
The centaur shoots an arrow.
The arrow hits you!
The centaur shoots an arrow.
The arrow misses you.
You are too injured to fight recklessly!
You are too injured to fight recklessly!
You are too injured to fight recklessly!
You are too injured to fight recklessly!
The centaur shoots an arrow.
The arrow misses you.
The centaur shoots an arrow.
The arrow closely misses you.
The centaur shoots an arrow.
The arrow completely misses you.
Found 4 stones.
The centaur shoots an arrow.
The arrow hits you!
The centaur shoots an arrow.
The arrow hits you.
* * * LOW HITPOINT WARNING * * *
The centaur shoots an arrow.
The arrow hits you but does no damage.
The centaur unwields a +0 shortbow.
The centaur hits you.
* * * LOW HITPOINT WARNING * * *
The centaur completely misses you.
You shoot an arrow. The arrow hits the centaur!
The centaur is heavily wounded.
The centaur barely misses you. The centaur kicks you.
* * * LOW HITPOINT WARNING * * *
You shoot an arrow. The arrow hits the centaur.
The centaur is heavily wounded.
The centaur hits you.
* * * LOW HITPOINT WARNING * * *
The centaur closely misses you. x3
The centaur hits you.
* * * LOW HITPOINT WARNING * * *
The centaur kicks you.
* * * LOW HITPOINT WARNING * * *
The centaur hits you but does no damage.
The centaur barely misses you. The centaur attacks as you move away!
The centaur hits you.
* * * LOW HITPOINT WARNING * * *
The centaur barely misses you.
The centaur wields a +0 shortbow.
The centaur shoots an arrow.
The arrow misses you.
The centaur shoots an arrow.
The arrow hits you!
You die...

,,,,,,,,,......###.....#.#####.#
****,,,,,..(...........#.#.....#
****,,,,,............#.#.#.#####
*,,,,,,,,*#..............#.#
*,,,,,,,,##...........####.#
*,,,,,,,,#.....c...........#
<,,,,,,,,#.#.....#....######
*,*,,,,,,#.......#......#********
*,*,,,,,,#......@#......#,,,,,,,*
,,,*****,#.#.....#......#,*****,*
,,,*****,#,#.....#...####,**<**,*
,,,,,,**,*,#..........,,,,**,,,,*
,,,*****,,.............,*********
**,*****>..........,,,*,*
,,,,,,**,..........,,**,*
**,**,**,...........,,,,****
*,,,*,**,,,,,,,,,~~~,,,,,,,*


You could see a centaur.

Vanquished Creatures
  Menkaure (D:7)
  2 water moccasins
  3 ice beasts (D:6)
  A black bear (D:7)
  2 ogres
  A centaur (D:7)
  A phantom (D:7)
  A lemure (D:5)
  2 scorpions
  A wight (D:7)
  A hound (D:4)
  A jelly (D:5)
  Crazy Yiuf (D:2)
  2 iguanas
  7 gnolls
  6 adders
  A shadow imp (D:7)
  A white imp (D:5)
  2 worms
  4 dart slugs
  8 orcs
  10 ball pythons
  7 endoplasms
  3 giant cockroaches (D:2)
  8 goblins
  8 hobgoblins
  8 jackals
  9 kobolds
  2 quokkas
  8 bats
  4 frilled lizards
  4 rats
120 creatures vanquished.

Vanquished Creatures (collateral kills)
  Pikel (D:5)
  An ice beast (D:6)
  An ogre (D:4)
  2 necrophages
  A scorpion (D:5)
  An electric eel (D:8)
  A gnoll bouda (D:7)
  An iguana (D:5)
  An orc wizard (D:5)
  3 gnolls
  An adder (D:5)
  An ufetubus (D:4)
  A worm (D:5)
16 creatures vanquished.

Vanquished Creatures (others)
  A fungus (D:2)
  7 plants (D:1)
8 creatures vanquished.

Grand Total: 144 creatures vanquished

Notes
Turn   | Place    | Note
-------+----------+-------------------------------------------
     0 | D:1      | billz999 the Djinni Ice Elementalist began the quest for
                  | the Orb.
     0 | D:1      | billz999 set off with the following spells memorised:
                  | Freeze, Frozen Ramparts, Ozocubu's Armour, Summon Ice
                  | Beast.
     0 | D:1      | Reached XP level 1. HP: 15/15 MP: 0/0
   180 | D:1      | Reached XP level 2. HP: 19/21 MP: 0/0
   434 | D:1      | Reached XP level 3. HP: 24/25 MP: 0/0
   434 | D:1      | Learned a level 1 spell: Summon Small Mammal
  1080 | D:2      | Found a runed translucent door.
  1081 | D:2      | Noticed Crazy Yiuf
  1418 | D:2      | Reached XP level 4. HP: 25/31 MP: 0/0
  1527 | D:2      | Identified the +0 kite shield of Somewhere Else {MP+9 Str+5
                  | Dex-5}
  1953 | D:2      | Reached skill level 1 in Shields
  2002 | D:2      | Reached XP level 5. HP: 34/35 MP: 0/0
  2002 | D:2      | Learned a level 2 spell: Ensorcelled Hibernation
  2289 | D:2      | Killed Crazy Yiuf
  2290 | D:2      | Gained mutation: You are frail. (-10% HP) [potion of
                  | mutation]
  2450 | D:3      | Found a faded altar of an unknown god.
  3515 | D:4      | Reached XP level 6. HP: 28/36 MP: 0/0
  3602 | D:4      | Found a staircase to the Ecumenical Temple.
  3795 | D:4      | Found an opulent altar of Gozag.
  3834 | Temple   | Entered the Ecumenical Temple
  4144 | D:4      | Noticed an ogre
  4153 | D:4      | Killed an ogre
  4258 | D:4      | Found a glowing silver altar of Zin.
  4325 | D:5      | Entered Level 5 of the Dungeon
  4466 | D:4      | Reached skill level 5 in Shields
  4466 | D:4      | Reached XP level 7. HP: 5/40 MP: 0/0
  4466 | D:4      | Learned a level 3 spell: Swiftness
  4761 | D:5      | Reached skill level 1 in Fighting
  4761 | D:5      | Reached skill level 1 in Ranged Weapons
  4765 | D:5      | Noticed a water moccasin
  4776 | D:5      | Killed a water moccasin
  4777 | D:5      | Reached skill level 2 in Ranged Weapons
  4874 | D:5      | Found a sparkling altar of Nemelex Xobeh.
  5005 | D:5      | Found Keun's Distillery.
  5029 | D:5      | Bought a potion of heal wounds for 75 gold pieces
  5041 | D:5      | Reached XP level 8. HP: 42/49 MP: 0/0
  5219 | D:5      | Reached skill level 3 in Ranged Weapons
  5637 | D:5      | Noticed Pikel
  5663 | D:5      | Killed Pikel
  5664 | D:5      | Reached skill level 4 in Ranged Weapons
  5929 | D:6      | Found Mesesuz's Tremendous Tomes.
  6008 | D:6      | Reached skill level 5 in Ranged Weapons
  6008 | D:6      | Reached XP level 9. HP: 28/55 MP: 0/0
  6008 | D:6      | Learned a level 4 spell: Ice Form
  6475 | D:6      | Reached skill level 5 in Fighting
  6475 | D:6      | Reached skill level 6 in Ranged Weapons
  7561 | D:7      | Noticed Menkaure
  7573 | D:7      | Killed Menkaure
  7574 | D:7      | Reached skill level 7 in Ranged Weapons
  8210 | D:8      | Noticed a cyclops
  8873 | D:8      | Shot with an arrow by a centaur

Illustrated notes

Levels and vault maps discovered:
D:1:      roderic_octagonal_star, layout_basic, chequers_serial_rivers_large_b,
          serial_bayou_lagoon_a
D:2:      layout_loops_corners, grunt_decor_clamped, minmay_joined_circles,
          uniq_crazy_yiuf_cottage
D:3:      layout_basic, shapermc_ecumenical_altar_venn
D:4:      layout_cave_pools, pdpol_temple_overflow_zin_treasury_gozag_greed,
          minmay_temple_entry_glass, grunt_ministairs_1
D:5:      layout_gridville, serial_shops, shop_statue, minmay_ruined_shrine,
          uniq_pikel
D:6:      minmay_klotski, layout_basic, nicolae_shop_i_like_big_books,
          st_stairs_14
D:7:      layout_loops_ring, uniq_menkaure
D:8:      layout_basic, nicolae_overflow_crystal_walls,
          minmay_overflow_temple_hex, erik_lair_dragon, enter_bailey_8,
          minmay_microvault
Temple:   jpeg_temple_alley_garden

Skill      XL: |  1  2  3  4  5  6  7  8  9 |
---------------+----------------------------+-----
Spellcasting   | 4 |  4.6
Shields        | 1 2 5 |  5.0
Fighting       | 2 4 6 |  6.0
Ranged Weapons | 2 5 7 |  7.2
Dodging        | |  2.1
Stealth        | |  1.5

Action                   |  1- 3 |  4- 6 |  7- 9 || total
-------------------------+-------+-------+-------++-------
Melee: Quarterstaff      |       |     3 |       ||     3
       Unarmed           |       |       |    41 ||    41
 Fire: Shortbow          |       |       |   120 ||   120
 Cast: Freeze            |    52 |    56 |    36 ||   144
       Frozen Ramparts   |     2 |    16 |    15 ||    33
       Summon Ice Beast  |       |     4 |    13 ||    17
       Ensorcelled Hiber |       |       |     9 ||     9
       Ice Form          |       |       |     5 ||     5
Evoke: Wand              |       |       |     1 ||     1
  Use: Scroll            |     5 |     1 |     4 ||    10
       Potion            |       |     6 |       ||     6
 Stab: Sleeping          |       |     1 |       ||     1
Armor: Robe              |     3 |    14 |    16 ||    33
       Skin              |       |       |    14 ||    14
Dodge: Dodged            |    27 |    56 |    78 ||   161

Table legend: (Time is in decaauts)
 A = Elapsed time spent in this place.
 B = Non-inter-level travel time spent in this place.
 C = Inter-level travel time spent in this place.
 D = Time resting spent in this place.
 E = Time spent auto-exploring this place.
 F = Levels seen in this place.
 G = Mean time per level.
                   A        B        C        D        E       F      G
               +--------+--------+--------+--------+--------+-----+--------+
         Total |   8905 |   8474 |    431 |   1035 |   6373 |   9 |  989.4 |
       Dungeon |   8674 |   8299 |    375 |   1035 |   6202 |   8 | 1084.2 |
        Temple |    231 |    176 |     55 |      0 |    171 |   1 |  231.0 |
               +--------+--------+--------+--------+--------+-----+--------+

Top non-repeatable levels by time:
     D:2: 1456 daAuts
     D:7: 1319 daAuts
     D:5: 1292 daAuts
     D:6: 1222 daAuts
     D:4: 1007 daAuts
     D:3: 996 daAuts
     D:1: 928 daAuts
     D:8: 450 daAuts
  Temple: 231 daAuts
